 Dungeon Crawl Stone Soup version 0.29-a0-304-gb34f9e133a (webtiles) character file.

Game seed: 15795640377902583555

57 wakim the Grasshopper (level 3, 0/31 HPs)
             Began as a Palentonga Warper on Mar 26, 2022.
             Slain by a jackal (3 damage)
             ... on level 2 of the Dungeon.
             The game lasted 00:06:03 (1580 turns).

wakim the Grasshopper (Palentonga Warper)           Turns: 1580, Time: 00:06:03

Health: 0/31       AC:  4    Str: 16    XL:     3   Next: 73%
Magic:  6/6        EV:  9    Int: 13    God:
Gold:   78         SH:  0    Dex:  9    Spells: 6/6 levels left

rFire   . . .      SeeInvis +   a - +0 lajatang
rCold   . . .      Faith    .   (shield currently unavailable)
rNeg    . . .      Spirit   .   X - +0 leather armour
rPois   .          Reflect  .   (no helmet)
rElec   .          Harm     .   (no cloak)
rCorr   .          Rampage  .   (no gloves)
Will    .....                   (no barding)
Stlth   +.........              (no amulet)
HPRegen 0.10/turn               (no ring)
MPRegen 0.10/turn               (no ring)

@: mighty, attractive
A: large, rugged brown scales 3, see invisible, deformed body, roll 1, armoured
tail
a: Rolling Charge


You were on level 2 of the Dungeon.
You visited 1 branch of the dungeon, and saw 2 of its levels.

You collected 78 gold pieces.

Inventory:

Hand Weapons
 a - a +0 lajatang (weapon)
 b - a +0 hunting sling
 Y - a +0 mace
Missiles
 d - 7 boomerangs of dispersal {=f!f}
Armour
 X - a +0 leather armour (worn)
Scrolls
 U - a scroll of blinking {!r}
Potions
 B - a potion of attraction {!q}
 W - a potion of ambrosia {unknown}


   Skills:
 * Level 3.0 Fighting
 - Level 2.9(3.0) Maces & Flails
 * Level 0.2(1.8) Staves
 - Level 0.6 Throwing
 - Level 0.7 Armour
 - Level 1.5 Dodging
 - Level 2.0 Spellcasting
 + Level 3.3 Translocations


You had 6 spell levels left.
You didn't know any spells.
Your spell library contained the following spells:

 Spells                   Type           Power      Damage    Failure   Level
 Blink                    Tloc           20%        N/A       12%         2
 Gell's Gravitas          Tloc           10%        N/A       24%         3
 Lesser Beckoning         Tloc           10%        N/A       24%         3
 Teleport Other           Tloc           10%        N/A       24%         3
 Manifold Assault         Tloc           10%        N/A       91%         5


Dungeon Overview and Level Annotations

Branches:
Dungeon (2/15)

Altars:
Kikubaaqudgha


Innate Abilities, Weirdness & Mutations

You are completely covered in rugged brown scales. (AC +3, +7% HP)
You have supernaturally acute eyesight. (SInv)
Armour fits poorly on your strangely shaped body.
You can roll at nearby foes to attack.
You have a long armoured tail.


Message History

The jackal bites you but does no damage.
You closely miss the jackal.
The jackal is severely wounded.
The jackal barely misses you. The jackal bites you.
* * * LOW HITPOINT WARNING * * *
5/31 (-1)
You barely miss the jackal.
The jackal is severely wounded.
The jackal closely misses you. The jackal bites you.
* * * LOW HITPOINT WARNING * * *
You closely miss the jackal.
The jackal is severely wounded.
The jackal closely misses you.
You miss the jackal.
The jackal is severely wounded.
The jackal bites you but does no damage.
The jackal closely misses you.
You closely miss the jackal.
The jackal is heavily wounded.
The jackal closely misses you.
The jackal bites you but does no damage.
You barely miss the jackal.
Your tail-slap misses the jackal.
The jackal is heavily wounded.
The jackal bites you.
* * * LOW HITPOINT WARNING * * *
The jackal bites you but does no damage. 4/31 (-1)
You barely miss the jackal.
The jackal is heavily wounded.
The jackal closely misses you. The jackal bites you.
* * * LOW HITPOINT WARNING * * *
3/31 (-1) It was a potion of attraction.
You feel attractive to monsters.
B - a potion of attraction The jackal misses you.
It was a potion of might.
You feel very mighty all of a sudden. The jackal bites you.
You die...

.........................'.
........##################.
#######.# #. #.# ########
#. #.# ##......# #.
###.######.......#####.
#..>...................
###.#####..._....######
#.....@h'........#
#########........#
...............#
...!...........#
.......h......##
..............#
..............#
....!......:......
..........?.##(...


You could see a jackal.

Vanquished Creatures
  An adder (D:2)
  A worm (D:2)
  5 ball pythons
  7 bats
  5 endoplasms
  3 giant cockroaches
  3 hobgoblins
  5 jackals
  3 frilled lizards
  7 kobolds
  2 rats
42 creatures vanquished.

Notes
Turn   | Place    | Note
-------+----------+-------------------------------------------
     0 | D:1      | wakim the Palentonga Warper began the quest for the Orb.
     0 | D:1      | Reached XP level 1. HP: 17/17 MP: 3/3
    69 | D:1      | Reached XP level 2. HP: 17/23 MP: 5/5
   513 | D:1      | !bestwep
  1059 | D:2      | Found a faded altar of an unknown god.
  1069 | D:2      | Reached XP level 3. HP: 18/29 MP: 6/6
  1490 | D:2      | Found an ancient bone altar of Kikubaaqudgha.
  1526 | D:2      | !bestwep
  1580 | D:2      | Slain by a jackal

Illustrated notes .#..# #.........# .#..####........[# .................# .................# .................# ..........######.# ...>......# #.# ........#.# #†# # .......##.# #@#####.#. ##).#####.# #)#....... ....# #.# #......... .##.#####.######......... .##...................... #######...######....!.... # #...#.............. # ##....####......... # ###..### ##..(..... Turn 513 on D:1: !bestwep

.....# #.......#
.....##################.......###
......................'..........
.....##################.......#
####.# #.......# #.# ########
#.......# #.# ##......# #.......#
###.######.......#####.......#
#..>...........@.............#
###.#####..._....########.####
#.....).'........# #.#
#########........# #.#
...............# #.##
...!...........# #..#
..............## ##.#
..............# #†#
..............# #†#


Turn 1526 on D:2: !bestwep

Levels and vault maps discovered:
D:1:      dpeg_arrival_rooms_a, layout_rooms, minmay_liquid_box
D:2:      layout_basic, basic_altar, hellmonk_ecumenical_altar_run_dry,
          kennysheep_generic_room_8, uniq_natasha

Skill      XL: |  1  2  3 |
---------------+----------+-----
Fighting       | 3 |  3.0
Maces & Flails | |  2.9
Staves         | |  0.2
Throwing       | |  0.6
Armour         | |  0.7
Dodging        | |  1.5
Spellcasting   | |  2.0
Translocations | |  3.3

Action                   || total
-------------------------++-------
Melee: Mace              ||    99
       Tailslap          ||    14
       Lajatang          ||    26
 Fire: Hunting sling     ||     3
 Abil: Rolling Charge    ||    25
  Use: Potion            ||     2
Armor: Leather armour    ||    40
Dodge: Dodged            ||    73

Table legend: (Time is in decaauts)
 A = Elapsed time spent in this place.
 B = Non-inter-level travel time spent in this place.
 C = Inter-level travel time spent in this place.
 D = Time resting spent in this place.
 E = Time spent auto-exploring this place.
 F = Levels seen in this place.
 G = Mean time per level.
                   A        B        C        D        E       F      G
               +--------+--------+--------+--------+--------+-----+--------+
         Total |   1613 |   1584 |     29 |    296 |    978 |   2 |  806.5 |
       Dungeon |   1613 |   1584 |     29 |    296 |    978 |   2 |  806.5 |
               +--------+--------+--------+--------+--------+-----+--------+

Top non-repeatable levels by time:
     D:1: 1052 daAuts
     D:2: 560 daAuts
